TOP OF THE 1ST |
Seattle Mariners batting - Pitching for Oakland Athletics : RHP Chad Kuhl
|
Pitching: RHP Chad Kuhl
|
|
Batting: LHB Ben Revere
|
0-0: Called Strike 0-1: Ball 1-1: Called Strike 1-2: Reached on error, E4 (Groundball, 34D)
|
Batting: RHB Tyler O'Neill
|
0-0: Ball 1-0: Ball 2-0: Foul Ball, location: 2F 2-1: Called Strike 2-2: Strikes out swinging
|
Batting: RHB Manny Machado
|
0-0: Called Strike Ben Revere steals 2nd base 0-1: Ball 1-1: Foul Ball, location: 2F 1-2: Foul Ball, location: 2F 1-2: SINGLE (Groundball, 6M) (infield hit) Ben Revere to third
|
Batting: RHB Kris Bryant
|
0-0: Ball 1-0: Ball 2-0: Foul Ball, location: 2F 2-1: Swinging Strike 2-2: Ball 3-2: Base on Balls Manny Machado to second
|
Batting: LHB Preston Tucker
|
0-0: Called Strike 0-1: Called Strike 0-2: Strikes out swinging
|
Batting: RHB Yoenis Cespedes
|
0-0: Ball 1-0: Ball 2-0: Swinging Strike 2-1: Called Strike 2-2: Foul Ball, location: 2F 2-2: DOUBLE (Flyball, 8LXD) Ben Revere scores Manny Machado scores Kris Bryant to third
|
Batting: RHB Christian Villanueva
|
0-0: Ball 1-0: Swinging Strike 1-1: SINGLE (Flyball, 7S) Kris Bryant scores Yoenis Cespedes to third Runner from 3rd tries for Home, SAFE, throw by LF to home Christian Villanueva to second
|
Batting: RHB Willians Astudillo
|
0-0: Foul Ball, location: 2F 0-1: Called Strike 0-2: Ball 1-2: Fly out, F8 (Flyball, 78D)
|
Top of the 1st over - 4 runs, 3 hits, 1 error, 1 left on base; Seattle 4 - Oakland 0 |
BOTTOM OF THE 1ST |
Oakland Athletics batting - Pitching for Seattle Mariners : RHP Jake Arrieta
|
Pitching: RHP Jake Arrieta
|
|
Batting: RHB DJ LeMahieu
|
0-0: Foul Ball, location: 2F 0-1: Ball 1-1: Called Strike 1-2: Ball 2-2: Ball 3-2: Fly out, F8 (Flyball, 8RD)
|
Batting: LHB Didi Gregorius
|
0-0: Ball 1-0: SINGLE (Line Drive, 4M)
|
Batting: RHB Rhys Hoskins
|
0-0: Called Strike 0-1: Called Strike 0-2: Foul Ball, location: 2F 0-2: Strikes out swinging Didi Gregorius steals 2nd base Batter strikes out.
|
Batting: RHB Paul Goldschmidt
|
0-0: Ball 1-0: Foul Ball, location: 2F 1-1: Ball 2-1: Ball 3-1: Fly out, F7 (Flyball, 7)
|
Bottom of the 1st over - 0 runs, 1 hit, 0 errors, 1 left on base; Seattle 4 - Oakland 0 |
TOP OF THE 2ND |
Seattle Mariners batting - Pitching for Oakland Athletics : RHP Chad Kuhl
|
Batting: LHB Drew Robinson
|
0-0: Foul Ball, location: 2F 0-1: Ball 1-1: Swinging Strike 1-2: Ball 2-2: Strikes out looking
|
Batting: LHB Ben Revere
|
0-0: Called Strike 0-1: Ball 1-1: Called Strike 1-2: Ground out 4-3 (Groundball, 4)
|
Batting: RHB Tyler O'Neill
|
0-0: Called Strike 0-1: SINGLE (Line Drive, 34D)
|
Batting: RHB Manny Machado
|
0-0: Fly out, F7 (Flyball, 78S)
|
Top of the 2nd over - 0 runs, 1 hit, 0 errors, 1 left on base; Seattle 4 - Oakland 0 |
BOTTOM OF THE 2ND |
Oakland Athletics batting - Pitching for Seattle Mariners : RHP Jake Arrieta
|
Batting: RHB Albert Pujols
|
0-0: Ball 1-0: SINGLE (Groundball, 6MD)
|
Batting: LHB Herschel Powell
|
0-0: Ball 1-0: Foul Ball, location: 2F 1-1: Foul Ball, location: 2F 1-2: Strikes out swinging
|
Batting: RHB Yandy Diaz
|
0-0: Ball 1-0: Ball 2-0: Ball 3-0: Called Strike 3-1: Ground out 5-3 (Groundball, 56S) Albert Pujols to second
|
Batting: SHB Kaleb Cowart
|
0-0: Ball 1-0: Ball 2-0: Foul Ball, location: 2F 2-1: Foul Ball, location: 2F 2-2: Ball 3-2: Base on Balls
|
Batting: RHB Cam Gallagher
|
0-0: Ground out 5-3 (Groundball, 56S)
|
Bottom of the 2nd over - 0 runs, 1 hit, 0 errors, 2 left on base; Seattle 4 - Oakland 0 |
TOP OF THE 3RD |
Seattle Mariners batting - Pitching for Oakland Athletics : RHP Chad Kuhl
|
Batting: RHB Kris Bryant
|
0-0: Called Strike 0-1: Swinging Strike 0-2: Foul Ball, location: 2F 0-2: Ball 1-2: Fly out, F9 (Flyball, 9S)
|
Batting: LHB Preston Tucker
|
0-0: Called Strike 0-1: Fly out, F8 (Flyball, 8LS)
|
Batting: RHB Yoenis Cespedes
|
0-0: Called Strike 0-1: Foul Ball, location: 2F 0-2: Foul Ball, location: 2F 0-2: Fly out, F8 (Flyball, 89M)
|
Top of the 3rd over - 0 runs, 0 hits, 0 errors, 0 left on base; Seattle 4 - Oakland 0 |
BOTTOM OF THE 3RD |
Oakland Athletics batting - Pitching for Seattle Mariners : RHP Jake Arrieta
|
Batting: RHB DJ LeMahieu
|
0-0: Ball 1-0: Ball 2-0: Fly out, F9 (Flyball, 9D)
|
Batting: LHB Didi Gregorius
|
0-0: Called Strike 0-1: Ground out U3 (Groundball, 34)
|
Batting: RHB Rhys Hoskins
|
0-0: Swinging Strike 0-1: Foul Ball, location: 2F 0-2: Strikes out swinging
|
Bottom of the 3rd over - 0 runs, 0 hits, 0 errors, 0 left on base; Seattle 4 - Oakland 0 |
TOP OF THE 4TH |
Seattle Mariners batting - Pitching for Oakland Athletics : RHP Chad Kuhl
|
Batting: RHB Christian Villanueva
|
0-0: Ground out 6-3 (Groundball, 6)
|
Batting: RHB Willians Astudillo
|
0-0: Called Strike 0-1: Foul Ball, location: 2F 0-2: Ball 1-2: Strikes out looking
|
Batting: LHB Drew Robinson
|
0-0: Ball 1-0: Called Strike 1-1: Ground out 6-3 (Groundball, 6MS)
|
Top of the 4th over - 0 runs, 0 hits, 0 errors, 0 left on base; Seattle 4 - Oakland 0 |
BOTTOM OF THE 4TH |
Oakland Athletics batting - Pitching for Seattle Mariners : RHP Jake Arrieta
|
Batting: RHB Paul Goldschmidt
|
0-0: Ball 1-0: Called Strike 1-1: Ball 2-1: Foul Ball, location: 2F 2-2: Foul Ball, location: 2F 2-2: Ball 3-2: SINGLE (Groundball, 6D)
|
Batting: RHB Albert Pujols
|
0-0: Ball 1-0: Foul Ball, location: 2F 1-1: Foul Ball, location: 2F 1-2: Ball 2-2: Fly out, F7 (Flyball, 7)
|
Batting: LHB Herschel Powell
|
0-0: Ball 1-0: Foul Ball, location: 2F 1-1: Called Strike 1-2: Ball 2-2: Reached on error, E5 (Groundball, 5L) Paul Goldschmidt to second
|
Batting: RHB Yandy Diaz
|
0-0: Foul Ball, location: 2F 0-1: Ball 1-1: Ground out U3 (Groundball, 34S) Paul Goldschmidt to third Herschel Powell to second
|
Batting: SHB Kaleb Cowart
|
0-0: Ball 1-0: Foul Ball, location: 2F 1-1: Called Strike 1-2: Foul Ball, location: 2F 1-2: Foul Ball, location: 2F 1-2: DOUBLE (Flyball, 78D) Paul Goldschmidt scores Herschel Powell scores
|
Batting: RHB Cam Gallagher
|
0-0: Swinging Strike 0-1: Foul Ball, location: 2F 0-2: Ball 1-2: Ball 2-2: Ball 3-2: Fly out, F9 (Flyball, 9S)
|
Bottom of the 4th over - 2 runs, 2 hits, 1 error, 1 left on base; Seattle 4 - Oakland 2 |
TOP OF THE 5TH |
Seattle Mariners batting - Pitching for Oakland Athletics : RHP Chad Kuhl
|
Batting: LHB Ben Revere
|
0-0: Ball 1-0: Foul Ball, location: 2F 1-1: Fly out, F8 (Flyball, 78XD)
|
Batting: RHB Tyler O'Neill
|
0-0: Ball 1-0: Ball 2-0: Called Strike 2-1: SINGLE (Groundball, 6D)
|
Batting: RHB Manny Machado
|
0-0: Called Strike 0-1: Ball 1-1: Foul Ball, location: 2F 1-2: Ground out 6-3 (Groundball, 6) Tyler O'Neill to second
|
Batting: RHB Kris Bryant
|
0-0: Intentional Walk
|
Batting: LHB Preston Tucker
|
0-0: Called Strike 0-1: Ball 1-1: Foul Ball, location: 2F 1-2: Ball 2-2: Strikes out looking
|
Top of the 5th over - 0 runs, 1 hit, 0 errors, 2 left on base; Seattle 4 - Oakland 2 |
BOTTOM OF THE 5TH |
Oakland Athletics batting - Pitching for Seattle Mariners : RHP Jake Arrieta
|
Batting: RHB DJ LeMahieu
|
0-0: Swinging Strike 0-1: Foul Ball, location: 2F 0-2: Ball 1-2: Fly out, F9 (Flyball, 9D)
|
Batting: LHB Didi Gregorius
|
0-0: Called Strike 0-1: Ball 1-1: Ball 2-1: Fly out, F9 (Flyball, 9LSF)
|
Batting: RHB Rhys Hoskins
|
0-0: Fly out, F7 (Flyball, 78D)
|
Bottom of the 5th over - 0 runs, 0 hits, 0 errors, 0 left on base; Seattle 4 - Oakland 2 |
TOP OF THE 6TH |
Seattle Mariners batting - Pitching for Oakland Athletics : RHP Chad Kuhl
|
Batting: RHB Yoenis Cespedes
|
0-0: Called Strike 0-1: Ball 1-1: Ball 2-1: Foul Ball, location: 2F 2-2: Foul Ball, location: 2F 2-2: Fly out, F4 (Line Drive, 4)
|
Batting: RHB Christian Villanueva
|
0-0: SINGLE (Groundball, 34D)
|
Batting: RHB Willians Astudillo
|
0-0: Called Strike 0-1: Fly out, F7 (Flyball, 7)
|
Batting: LHB Drew Robinson
|
0-0: Called Strike 0-1: Swinging Strike 0-2: Ball 1-2: Ball 2-2: Ball 3-2: Foul Ball, location: 2F 3-2: Strikes out swinging
|
Top of the 6th over - 0 runs, 1 hit, 0 errors, 1 left on base; Seattle 4 - Oakland 2 |
BOTTOM OF THE 6TH |
Oakland Athletics batting - Pitching for Seattle Mariners : RHP Jake Arrieta
|
Batting: RHB Paul Goldschmidt
|
0-0: Ball 1-0: Fly out, F9 (Flyball, 89D)
|
Batting: RHB Albert Pujols
|
0-0: Ball 1-0: Ball 2-0: Ball 3-0: Called Strike 3-1: Swinging Strike 3-2: Foul Ball, location: 2F 3-2: Base on Balls
|
Batting: LHB Herschel Powell
|
0-0: Ball 1-0: Ball 2-0: Fly out, F7 (Flyball, 7LD)
|
Batting: RHB Yandy Diaz
|
0-0: Swinging Strike 0-1: Called Strike 0-2: Ball 1-2: Ball 2-2: Strikes out swinging
|
Bottom of the 6th over - 0 runs, 0 hits, 0 errors, 1 left on base; Seattle 4 - Oakland 2 |
TOP OF THE 7TH |
Seattle Mariners batting - Pitching for Oakland Athletics : RHP Chad Kuhl
|
Pitching: RHP Chasen Bradford
|
|
Batting: LHB Ben Revere
|
0-0: Ball 1-0: Foul Ball, location: 2F 1-1: SINGLE (Groundball, 34D)
|
Batting: RHB Tyler O'Neill
|
0-0: Foul Ball, location: 2F 0-1: Ball Ben Revere steals 2nd base 1-1: Ground out 5-3 (Groundball, 56)
|
Batting: RHB Manny Machado
|
0-0: Called Strike 0-1: Called Strike 0-2: Ball 1-2: Ball 2-2: Ball 3-2: 2-RUN HOME RUN (Flyball, 78XD), Distance : 399 ft
|
Pitching: LHP Justin Jacome
|
|
Batting: RHB Kris Bryant
|
0-0: Called Strike 0-1: Swinging Strike 0-2: Ball 1-2: Strikes out swinging
|
Batting: LHB Preston Tucker
|
0-0: SINGLE (Groundball, 4MD)
|
Batting: RHB Yoenis Cespedes
|
0-0: Ball 1-0: Ball 2-0: Called Strike 2-1: Ball 3-1: Ground out 6-3 (Groundball, 6S)
|
Top of the 7th over - 2 runs, 3 hits, 0 errors, 1 left on base; Seattle 6 - Oakland 2 |
BOTTOM OF THE 7TH |
Oakland Athletics batting - Pitching for Seattle Mariners : RHP Jake Arrieta
|
Pitching: RHP Tyler Thornburg
|
|
Batting: SHB Kaleb Cowart
|
0-0: Called Strike 0-1: Ball 1-1: Swinging Strike 1-2: Strikes out looking
|
Batting: RHB Cam Gallagher
|
0-0: Ball 1-0: Ball 2-0: Ball 3-0: Base on Balls
|
Batting: RHB DJ LeMahieu
|
0-0: Called Strike 0-1: SINGLE (Groundball, 4M) (infield hit) Cam Gallagher to second
|
Batting: LHB Didi Gregorius
|
0-0: Ball 1-0: Foul Ball, location: 2F 1-1: Ball 2-1: Called Strike 2-2: SINGLE (Groundball, 3D) Cam Gallagher to third DJ LeMahieu to second Runner from 3rd tries for Home, throw by RF and OUT! 9-2
|
Batting: RHB Rhys Hoskins
|
0-0: Ball 1-0: Ball 2-0: Ball 3-0: Called Strike 3-1: Base on Balls DJ LeMahieu to third Didi Gregorius to second
|
Batting: RHB Paul Goldschmidt
|
0-0: Fly out, F8 (Flyball, 8LD)
|
Bottom of the 7th over - 0 runs, 2 hits, 0 errors, 3 left on base; Seattle 6 - Oakland 2 |
TOP OF THE 8TH |
Seattle Mariners batting - Pitching for Oakland Athletics : LHP Justin Jacome
|
Batting: RHB Christian Villanueva
|
0-0: Foul Ball, location: 2F 0-1: Ball 1-1: Swinging Strike 1-2: Fly out, F2 (Popup, 13S)
|
Batting: RHB Willians Astudillo
|
0-0: Ball 1-0: Ball 2-0: Foul Ball, location: 2F 2-1: Ball 3-1: Foul Ball, location: 2F 3-2: Foul Ball, location: 2F 3-2: Base on Balls
|
Batting: LHB Drew Robinson
|
0-0: Ball 1-0: Fly out, F7 (Flyball, 7LMF)
|
Batting: LHB Ben Revere
|
0-0: DOUBLE (Line Drive, 3D) Willians Astudillo to third
|
Batting: RHB Tyler O'Neill
|
0-0: Called Strike 0-1: Ball 1-1: Foul Ball, location: 2F 1-2: Foul Ball, location: 2F 1-2: SINGLE (Line Drive, 78M) Willians Astudillo scores Ben Revere to third Runner from 3rd tries for Home, SAFE, throw by CF to home
|
Batting: RHB Manny Machado
|
0-0: Called Strike 0-1: Ball 1-1: Ball 2-1: Ground out 4-3 (Groundball, 4)
|
Top of the 8th over - 2 runs, 2 hits, 0 errors, 1 left on base; Seattle 8 - Oakland 2 |
BOTTOM OF THE 8TH |
Oakland Athletics batting - Pitching for Seattle Mariners : RHP Tyler Thornburg
|
Batting: RHB Albert Pujols
|
0-0: Called Strike 0-1: Ball 1-1: SINGLE (Groundball, 6D)
|
Batting: LHB Herschel Powell
|
0-0: Fielders Choice at 2nd, 3-6 (Groundball, 3)
|
Batting: RHB Yandy Diaz
|
0-0: Swinging Strike 0-1: Ball 1-1: Foul Ball, location: 2F 1-2: Foul Ball, location: 2F 1-2: SINGLE (Line Drive, 4D) Herschel Powell to second Runner from 2nd tries for 3rd, SAFE, throw by CF made to third
|
Batting: SHB Kaleb Cowart
|
0-0: Ball 1-0: Ball 2-0: Called Strike 2-1: Swinging Strike 2-2: Ball 3-2: Foul Ball, location: 2F 3-2: Fly out, F8 (Flyball, 78D) Runner from 3rd tags up, SCORES, throw by CF
|
Batting: RHB Cam Gallagher
|
0-0: Ball 1-0: Ball 2-0: Ball 3-0: Called Strike 3-1: Base on Balls Yandy Diaz to second
|
Pitching: RHP Shawn Tolleson
|
|
Batting: RHB DJ LeMahieu
|
0-0: Called Strike 0-1: Ball 1-1: Ball 2-1: Foul Ball, location: 2F 2-2: Ball 3-2: Ground out 4-3 (Groundball, 4)
|
Bottom of the 8th over - 1 run, 2 hits, 0 errors, 2 left on base; Seattle 8 - Oakland 3 |
TOP OF THE 9TH |
Seattle Mariners batting - Pitching for Oakland Athletics : LHP Justin Jacome
|
Batting: RHB Kris Bryant
|
0-0: Ball 1-0: Ball 2-0: Called Strike 2-1: Ground out 4-3 (Groundball, 6M)
|
Batting: LHB Preston Tucker
|
0-0: Ball 1-0: Ball 2-0: Ball 3-0: Called Strike 3-1: Foul Ball, location: 2F 3-2: Base on Balls
|
Pitching: RHP Blake Bivens
|
|
Batting: RHB Yoenis Cespedes
|
0-0: Foul Ball, location: 2F 0-1: Ball 1-1: Foul Ball, location: 2F 1-2: Strikes out swinging
|
Batting: RHB Christian Villanueva
|
0-0: Called Strike 0-1: Ball 1-1: Called Strike 1-2: Ball 2-2: Strikes out swinging
|
Top of the 9th over - 0 runs, 0 hits, 0 errors, 1 left on base; Seattle 8 - Oakland 3 |
BOTTOM OF THE 9TH |
Oakland Athletics batting - Pitching for Seattle Mariners : RHP Shawn Tolleson
|
Batting: LHB Didi Gregorius
|
0-0: Called Strike 0-1: Ball 1-1: SOLO HOME RUN (Flyball, 9D), Distance : 382 ft
|
Batting: RHB Rhys Hoskins
|
0-0: Ball 1-0: Ball 2-0: Ground out 1-3 (Groundball, P)
|
Batting: RHB Paul Goldschmidt
|
0-0: Ball 1-0: Fly out, F8 (Line Drive, 8RD)
|
Batting: RHB Albert Pujols
|
0-0: Foul Ball, location: 2F 0-1: Foul Ball, location: 2F 0-2: Ball 1-2: SINGLE (Flyball, 7S)
|
Batting: LHB Herschel Powell
|
0-0: Ball 1-0: Called Strike 1-1: Ball 2-1: Ball 3-1: Foul Ball, location: 2F 3-2: Strikes out swinging
|
Bottom of the 9th over - 1 run, 2 hits, 0 errors, 1 left on base; Seattle 8 - Oakland 4 |
|